 Dungeon Crawl Stone Soup version 0.17-a0-1793-gcbb3aa1 (webtiles) character file.

592 ololoev the Magician (level 7, 31/55 HPs)
             Began as a Purple Draconian Skald on Sept 9, 2015.
             Was an Initiate of Vehumet.
             Quit the game on level 5 of the Dungeon.
             The game lasted 00:08:19 (4292 turns).

ololoev the Magician (Purple Draconian Skald)       Turns: 4292, Time: 00:08:19

Health: 31/55      AC:  7    Str: 14    XL:     7   Next: 16%
Magic:  15/15      EV: 11    Int: 15    God:    Vehumet [......]
Gold:   260        SH:  0    Dex: 10    Spells: 3 memorised, 9 levels left

rFire  . . .     SeeInvis .     f - +1 long sword (elec)
rCold  . . .     Clarity  .     (armour unavailable)
rNeg   . . .     SustAt   .     (no shield)
rPois  .         Gourm    .     (helmet restricted)
rElec  .         Spirit   .     (no cloak)
rCorr  +         Warding  .     p - +0 pair of gloves
rMut   .         Stasis   .     (no boots)
MR     +....                    v - amulet of resist corrosion
Stlth  +.........               (no ring)
                                (no ring)

@: somewhat resistant to hostile enchantments, very unstealthy
A: breathe power, unfitting armour, cold-blooded, AC +6
a: Breathe Dispelling Energy, Renounce Religion


Innate Abilities, Weirdness & Mutations

You can breathe bolts of dispelling energy.
Your rich purple scales are hard (AC +6).
Your body does not fit into most forms of armour.
You are cold-blooded and may be slowed by cold attacks.

Inventory:

Hand weapons
 a - a +0 mace
 f - a +1 long sword of electrocution (weapon)
Missiles
 z - 5 javelins (quivered)
Armour
 p - a +0 pair of gloves (worn)
 y - a +2 buckler
Jewellery
 v - an amulet of resist corrosion (around neck)
Magical devices
 o - a wand of frost (29)
Scrolls
 i - a scroll of noise {unknown}
 j - a scroll of random uselessness {unknown}
 k - 2 scrolls of teleportation {unknown}
 m - 2 scrolls of amnesia
 n - a scroll of fog
 r - a scroll of fear {unknown}
 s - a scroll of enchant weapon {unknown}
 u - 2 scrolls of recharging {unknown}
 x - 2 scrolls of remove curse {unknown}
Potions
 e - a potion of curing
 l - a potion of brilliance
Books
 b - a book of Battle

   Spells                             Type                      Level
   a - Infusion                       Charms                       1
   b - Shroud of Golubria             Charms/Translocation         2
   c - Song of Slaying                Charms                       2
   d - Spectral Weapon                Hexes/Charms                 3
   e - Regeneration                   Charms/Necromancy            3
 q - a book of Transfigurations

   Spells                             Type                      Level
   a - Stoneskin                      Transmutation/Earth          2
   b - Irradiate                      Conjuration/Transmutation    5
   c - Statue Form                    Transmutation/Earth          6
   d - Hydra Form                     Transmutation                6
   e - Dragon Form                    Transmutation                7
Comestibles
 c - 2 bread rations
 d - 4 meat rations
 g - a slice of pizza
 w - a beef jerky


   Skills:
 - Level 2.1 Fighting
 - Level 4.4 Maces & Flails
 - Level 1.3 Dodging
 + Level 2.2 Shields
 + Level 5.5 Spellcasting
 * Level 3.6 Conjurations
 - Level 3.2 Charms


You had 9 spell levels left.
You knew the following spells:

 Your Spells              Type           Power        Failure   Level  Hunger
a - Infusion              Chrm           ##....       4%          1    None
b - Song of Slaying       Chrm           ##......     8%          2    #......
c - Irradiate             Conj/Trmt      #.........   99%         5    ######.


You were on level 5 of the Dungeon.
You worshipped Vehumet.
Vehumet was noncommittal.
You were hungry.

You visited 1 branch of the dungeon, and saw 5 of its levels.

You collected 260 gold pieces.

##. .### ... ...
###. ..# #.....
..# #.#.## ##..#
###.#.## #...#
....#.## #p#.#
#.#.#.## #@#.#
.###.#.#.## #.#.#
..##.#.#... #.#.#
#.##.......
#.#.####.####.#.##
#.#.............##
#........####.#.#
#######..## #.#.#
#...###.#)#
#.#.....#.#

Notes
Turn   | Place    | Note
--------------------------------------------------------------
     0 | D:1      | ololoev the Draconian Skald began the quest for the Orb.
     0 | D:1      | Reached XP level 1. HP: 17/17 MP: 3/3
   152 | D:1      | Reached XP level 2. HP: 19/24 MP: 5/5
   159 | D:1      | Learned a level 2 spell: Song of Slaying
  1088 | D:2      | Reached XP level 3. HP: 29/29 MP: 7/7
  1217 | D:2      | Reached skill level 3 in Maces & Flails
  2368 | D:4      | Reached XP level 4. HP: 9/36 MP: 3/8
  2640 | D:4      | Found a sparkling altar of Nemelex Xobeh.
  2670 | D:4      | Found a basalt altar of Yredelemnul.
  2679 | D:4      | Found a radiant altar of Vehumet.
  2683 | D:4      | Became a worshipper of Vehumet
  2965 | D:4      | Noticed an ogre
  2980 | D:4      | Killed an ogre
  2980 | D:4      | Reached skill level 4 in Maces & Flails
  2980 | D:4      | Reached XP level 5. HP: 41/41 MP: 8/10
  2998 | D:4      | Learned a level 5 spell: Irradiate
  3373 | D:4      | Reached skill level 1 in Conjurations
  3638 | D:4      | Noticed Dowan
  3671 | D:4      | Killed Dowan
  3671 | D:4      | Reached XP level 6. HP: 46/48 MP: 10/12
  3712 | D:5      | Entered Level 5 of the Dungeon
  3768 | D:5      | Reached skill level 1 in Shields
  4269 | D:5      | Noticed Grinder
  4279 | D:5      | Paralysed by Grinder for 6 turns
  4291 | D:5      | Killed Grinder
  4291 | D:5      | Reached skill level 5 in Spellcasting
  4291 | D:5      | Your scales start taking on a rich purple colour.
  4291 | D:5      | Reached XP level 7. HP: 32/55 MP: 15/15
  4292 | D:5      | Quit the game

Dungeon Overview and Level Annotations

Branches:
Dungeon (5/15)
 Temple: D:4-7

Altars:
Nemelex Xobeh
Vehumet
Yredelemnul


Message History

Grinder gestures at you. Pain shoots through your body! The slave hits you.
Your song is almost over.
The slave hits you but does no damage. Grinder gestures at you.
You resist with significant effort.
You can move again.
Drink which item? (? for menu, Esc to quit)
You feel much better. The slave hits you.
You barely miss Grinder.
Grinder is moderately wounded.
The slave closely misses you. Grinder hits you.
You writhe in agony.
The slave closely misses you.
You barely miss Grinder.
Grinder is moderately wounded.
Grinder hits you but does no damage. The slave closely misses you.
Grinder hits you but does no damage.
You completely miss Grinder.
Grinder is moderately wounded.
Your song has ended.
The slave hits you. Grinder closely misses you. The slave barely misses you.
You hit Grinder but do no damage.
There is a sudden explosion of sparks!
Grinder is severely wounded.
Grinder hits you!
You writhe in agony.
The slave hits you. Grinder barely misses you.
Drink which item? (? for menu, Esc to quit)
You feel much better. The slave hits you. Grinder hits you.
You writhe in agony.
You hit Grinder.
There is a sudden explosion of sparks!
You kill Grinder!
Vehumet accepts your kill.
Your Shields skill increases to level 2!
Your Conjurations skill increases to level 3!
You have reached level 7!
Your Spellcasting skill increases to level 5!
Your Charms skill increases to level 3!
Your scales start taking on a rich purple colour.
The slave hits you.
Are you sure you want to abandon this character and quit the game? (Confirm with "yes".)

You could see a slave.

Vanquished Creatures
  Grinder (D:5)
  An ogre (D:4)
  A centaur (D:5)
  Dowan (D:4)
  3 hounds
  A worker ant (D:5)
  3 adders
  An ooze (D:1)
  2 worms
  A giant gecko (D:4)
  2 orcs
  5 giant cockroaches
  11 hobgoblins
  2 jackals (D:5)
  A quokka (D:5)
  4 bats
  A giant cockroach zombie (D:5)
  A giant gecko skeleton (D:5)
  5 giant newts
  4 goblins
  5 kobolds
  A quokka skeleton (D:4)
  6 rats
63 creatures vanquished.

Action                   |  1- 3 |  4- 6 |  7- 9 || total
-------------------------+-------+-------+-------++-------
Melee: Mace              |   135 |    56 |       ||   191
       Long sword        |       |    38 |       ||    38
Throw: Javelin           |       |    18 |       ||    18
 Cast: Infusion          |     2 |     3 |       ||     5
       Song of Slaying   |     1 |     1 |       ||     2
  Use: Potion            |       |     6 |       ||     6
       Scroll            |       |     5 |       ||     5
 Stab: Sleeping          |     2 |       |       ||     2
  Eat: Chunk             |     5 |     6 |       ||    11

Vault maps used:
D:1:      zaba_arrival_water
D:3:      first_bread
D:4:      kennysheep_mini, minitemple, hangedman_decor_peaks_small, uniq_duvessa
D:5:      grunt_decor_mini_mirrors, uniq_grinder, uniq_pikel
